 Dungeon Crawl Stone Soup version 0.28.0-45-g0d030f2227 (webtiles) character file.

Game seed: 12172274600056238022

109 psuckher the Insei (level 4, -24/28 HPs)
             Began as an Octopode Transmuter on Apr 13, 2022.
             Was a Plaything of Xom.
             Annihilated by an ogre
             ... wielding a +0 giant club
              (26 damage)
             ... on level 5 of the Dungeon on Apr 14, 2022.
             The game lasted 00:19:44 (2409 turns).

psuckher the Insei (Octopode Transmuter)            Turns: 2409, Time: 00:19:48

Health: -24/28     AC:  1    Str: 11      XL:     4   Next: 90%
Magic:  6/7        EV: 13    Int: 14 (15) God:    Xom [.*....]
Gold:   162        SH:  0    Dex: 12      Spells: 4/7 levels left

rFire   . . .      SeeInvis .   b - +2 whip (venom)
rCold   . . .      Faith    .   (no shield)
rNeg    . . .      Spirit   .   (helmet currently unavailable)
rPois   .          Reflect  .   (no amulet)
rElec   .          Harm     .   (no ring)
rCorr   .          Rampage  .   (no ring)
Will    .....                   (no ring)
Stlth   +++.......              (no ring)
HPRegen 0.09/turn               (no ring)
MPRegen 0.10/turn               (no ring)
                                (no ring)
                                (no ring)

@: appendages, on berserk cooldown
A: tentacle spike 3, almost no armour, amphibious, 8 rings, camouflage 1,
gelatinous body 1, (nimble swimmer 1), tentacles
a: End Transformation, Renounce Religion


You were on level 5 of the Dungeon.
You worshipped Xom.
You were a plaything of Xom.
One of your tentacles had grown a beastly spike.
You visited 1 branch of the dungeon, and saw 5 of its levels.

You collected 162 gold pieces.

Inventory:

Hand Weapons
 b - a +2 whip of venom (weapon)
 g - a +0 hand axe
Wands
 d - a wand of digging (9)
Scrolls
 e - a scroll of summoning {unknown}
Potions
 c - a potion of degeneration {unknown}
 f - a potion of curing {unknown}
 h - a potion of magic {unknown}
 k - a potion of brilliance
 l - 2 potions of mutation
 m - a potion of resistance


   Skills:
 + Level 1.5 Fighting
 + Level 2.4 Dodging
 + Level 2.2 Stealth
 + Level 4.3 Unarmed Combat
 + Level 2.3 Spellcasting
 + Level 2.1 Transmutations


You had 4 spell levels left.
You knew the following spells:

 Your Spells              Type           Power      Damage    Failure   Level
a - Beastly Appendage     Tmut           14%        N/A       10%         1
b - Wereblood             Tmut           7%         N/A       14%         2

Your spell library contained the following spells:

 Spells                   Type           Power      Damage    Failure   Level
 Magic Dart               Conj           4%         1d3       24%         1
 Searing Ray              Conj           2%         2d4       34%         2
 Spider Form              Tmut/Pois      4%         N/A       41%         3
 Ice Form                 Ice/Tmut       4%         N/A       83%         4
 Fulminant Prism          Conj/Hex       0%         3d6       93%         4


Dungeon Overview and Level Annotations

Branches:
Dungeon (5/15)
 Temple: D:4-7

Altars:
Xom

Annotations:
D:4 Natasha


Innate Abilities, Weirdness & Mutations

One of your tentacles has grown a beastly spike.
You cannot wear most types of armour.
You are amphibious.
You can wear up to eight rings at the same time.
Your skin changes colour to match your surroundings (Stealth+).
Your rubbery body absorbs attacks. (AC +1, EV +1)
((You are camouflaged when in or above water. (Stealth+)))
You have tentacles for arms and can constrict up to eight enemies at once.


Message History

Xom grants you insight.
You feel aware of your surroundings.
Natasha howls an incantation.
Natasha's front paws start to glow.
The crimson imp completely misses you.
Natasha casts a spell.
The crimson imp blinks!
The iron imp shouts, "Run away, thou quaking milk-livered clotpole!"
The crimson imp hits you.
There is a stone staircase leading down here.
Natasha mumbles some strange words.
The crimson imp hits you.
You climb downwards.
There is a stone staircase leading up here.
You start to feel less resistant.
An ogre comes into view. It is wielding a +0 giant club.
Found a battleaxe.
Your resistance to elements expires.
The ogre shouts!
Casting: Beastly Appendage (safe; 10% risk of failure)
Press: ? - help, Q - select action, (/) - cycle Dir - look around, f - activate One of your tentacles grows a vicious spike.
The ogre barely misses you.
You hit the ogre.
You pierce the ogre.
The ogre is moderately wounded.
You feel yourself speed up.
You hear Xom's avuncular chuckle.
The ogre seems to speed up.
The ogre completely misses you. The ogre closely misses you.
You hit the ogre.
Your tentacle spike misses the ogre.
You squeeze the ogre!
The ogre is severely wounded.
The ogre hits you with a +0 giant club!
* * * LOW HITPOINT WARNING * * *
You hit the ogre.
The ogre is poisoned.
You pierce the ogre.
Your squeeze misses the ogre.
The ogre is almost dead.
The ogre hits you with a +0 giant club!!
Ouch! That really hurt!
You die...
Xom titters!

#<# #.# #.#
#.# #.# #.#
#.# #.# #@#
#O#
#............
#....########
#.).. .....#
...... #....#
#.#+#


You could see an ogre (fast, very poisoned).

Vanquished Creatures
  5 adders
  A worm (D:3)
  A dart slug (D:1)
  2 orcs (D:3)
  8 ball pythons
  6 bats
  11 endoplasms
  A giant cockroach (D:1)
  2 goblins
  2 hobgoblins (D:3)
  4 jackals (D:2)
  7 kobolds
  2 quokkas
  2 frilled lizards
  A rat (D:3)
55 creatures vanquished.

Vanquished Creatures (others)
  An orc (D:3)
  A kobold (D:3)
  A rat (D:3)
  5 plants (D:2)
8 creatures vanquished.

Grand Total: 63 creatures vanquished

Notes
Turn   | Place    | Note
-------+----------+-------------------------------------------
     0 | D:1      | psuckher the Octopode Transmuter began the quest for the
                  | Orb.
     0 | D:1      | Reached XP level 1. HP: 13/13 MP: 3/3
   490 | D:1      | Reached XP level 2. HP: 14/18 MP: 5/5
   553 | D:1      | Learned a level 2 spell: Wereblood
   741 | D:1      | Found a faded altar of an unknown god.
   742 | D:1      | Noticed a shining eye
   744 | D:1      | Noticed a great orb of eyes
   744 | D:1      | Noticed a golden eye
   744 | D:1      | Noticed an eye of devastation
   763 | D:1      | Prayed at the altar of an unknown god.
   763 | D:1      | Became a worshipper of The Xom-Meister,
                  | Xom-a-lom-a-ding-dong
   937 | D:2      | XOM: silly message
   950 | D:2      | XOM: divination: magic mapping
  1017 | D:2      | Reached XP level 3. HP: 15/23 MP: 6/6
  1475 | D:2      | XOM: cloud trail
  1478 | D:2      | Reached skill level 1 in Stealth
  1597 | D:3      | XOM: divination: magic mapping
  1618 | D:3      | XOM: god gift: 31 gold pieces
  1646 | D:3      | Reached XP level 4. HP: 12/28 MP: 7/7
  1690 | D:3      | XOM: 1-stop teleportation journey
  1699 | D:3      | Reached skill level 4 in Unarmed Combat
  1979 | D:3      | XOM: smoke on damage
  1985 | D:3      | Found a shimmering altar of Xom.
  2070 | D:3      | XOM: silly message
  2183 | D:4      | Noticed Natasha
  2184 | D:4      | XOM: silly message
  2219 | D:4      | Noticed an ogre
  2370 | D:4      | XOM: stat loss: -1 Int (14/15)
  2384 | D:4      | XOM: summons friendly quasit
  2391 | D:4      | XOM: divination: magic mapping
  2395 | D:5      | Entered Level 5 of the Dungeon
  2403 | D:5      | Noticed an ogre
  2407 | D:5      | XOM: enchant monster (bad)
  2409 | D:5      | Annihilated by an ogre

Illustrated notes

Levels and vault maps discovered:
D:1:      arrival_zaba_pyramid, layout_basic,
          hellmonk_ecumenical_altar_watching_god
D:2:      layout_loops_ring, serial_bayou_pond_c, serial_park_tiny_pond,
          nicolae_underground_beach
D:3:      wander_river, layout_rooms, xom_confusion_cloud, serial_glass,
          glass_columns_a, glass_columns_a, glass_columns_c, glass_columns_a,
          glass_columns_a, glass_columns_c, grunt_ministairs_2
D:4:      layout_basic, uniq_duvessa, uniq_natasha
D:5:      layout_basic, minmay_temple_entry_statues_fountains, uniq_eustachio

Skill      XL: |  1  2  3  4 |
---------------+-------------+-----
Stealth        | 1 2 |  2.2
Unarmed Combat | 4 |  4.3
Fighting       | |  1.5
Dodging        | |  2.4
Spellcasting   | |  2.3
Transmutations | |  2.1

Action                   |  1- 3 |  4- 6 || total
-------------------------+-------+-------++-------
Melee: Unarmed           |    97 |    26 ||   123
       Tentacles         |    20 |     5 ||    25
       Constrict         |    22 |     8 ||    30
       Kick              |     7 |     7 ||    14
       Punch             |     9 |       ||     9
       Whip              |       |    14 ||    14
 Cast: Beastly Appendage |     6 |     4 ||    10
  Use: Scroll            |       |     9 ||     9
       Potion            |       |     2 ||     2
 Stab: Sleeping          |     3 |     3 ||     6
       Distracted        |     1 |     1 ||     2
Armor: Skin              |     5 |     4 ||     9
Dodge: Dodged            |    44 |    34 ||    78
